 Dungeon Crawl Stone Soup version 0.25.1-8-g42b30a86e7 (webtiles) character file.

Game seed: 3489139269185173999

21 Clowwww the Skirmisher (level 2, -4/27 HPs)
             Began as a Hill Orc Abyssal Knight on Dec 9, 2020.
             Was a Believer of Lugonu.
             Slain by a worm (11 damage)
             ... on level 2 of the Dungeon.
             The game lasted 00:04:26 (1267 turns).

Clowwww the Skirmisher (Hill Orc Abyssal Knight)    Turns: 1267, Time: 00:04:27

Health: -4/27      AC:  3    Str: 14    XL:     2   Next: 83%
Magic:  3/3        EV: 11    Int: 12    God:    Lugonu [**....]
Gold:   20         SH:  0    Dex: 10    Spells: 1/1 levels left

rFire    . . .     SeeInvis .   a - +1 hand axe
rCold    . . .     Gourm    .   (no shield)
rNeg     . . .     Faith    .   b - +0 leather armour
rPois    .         Spirit   .   (no helmet)
rElec    .         Reflect  .   (no cloak)
rCorr    .         Harm     .   (no gloves)
MR       .....                  (no boots)
Stlth    +.........             (no amulet)
HPRegen  0.09/turn              (no ring)
MPRegen  0.08/turn              (no ring)

@: no status effects
A: no striking features
a: Depart the Abyss, Bend Space, Renounce Religion


You were on level 2 of the Dungeon.
You worshipped Lugonu.
Lugonu was pleased with you.
You were very hungry.

You visited 1 branch of the dungeon, and saw 2 of its levels.
You visited the Abyss 1 time.

You collected 20 gold pieces.

Inventory:

Hand Weapons
 a - a +1 hand axe (weapon)
Armour
 b - a +0 leather armour (worn)
Jewellery
 i - a cursed -4 ring of slaying {unknown}
Scrolls
 d - a scroll of enchant weapon {unknown}
 e - a scroll of teleportation {unknown}
 g - a scroll of fog {unknown}
 h - a scroll of remove curse {unknown}
Comestibles
 c - 4 rations


   Skills:
 + Level 4.2 Fighting
 + Level 3.3 Axes
 + Level 2.3 Armour
 + Level 0.7 Dodging
 + Level 0.1 Stealth
 + Level 2.5 Invocations


You had one spell level left.
You didn't know any spells.
Your spell library was empty.

Dungeon Overview and Level Annotations

Branches:
Dungeon (2/15)

Altars:


Message History

The worm bites you!
You barely miss the worm. You barely miss the worm.
The worm completely misses you.
You hit the worm.
The worm is moderately wounded.
The worm bites you!
You barely miss the worm.
The worm is moderately wounded.
You hit the giant cockroach. The giant cockroach barely misses you.
You barely miss the worm.
The worm is moderately wounded.
You hit the giant cockroach but do no damage.
The giant cockroach closely misses you. The worm bites you.
* * * LOW HITPOINT WARNING * * *
The giant cockroach misses you.
You hit the worm.
The worm is heavily wounded.
You hit the giant cockroach but do no damage.
The giant cockroach closely misses you. The worm bites you!
You die...

...#.##...#.#
...#........#
............
...........
..........
.........##+#####
......ws....#...#
...<...@........###
...........<(......
................###
...########.....#
.. ###...# # ...#
...# ..# ###


You could see a worm and a giant cockroach.

Vanquished Creatures
  A dart slug (D:1)
  A leopard gecko (D:1)
  2 giant cockroaches (D:1)
  A goblin (D:1)
  5 hobgoblins (D:1)
  A bat (D:1)
  A frilled lizard (D:1)
  5 kobolds (D:1)
17 creatures vanquished.

Vanquished Creatures (others)
  2 starspawn tentacles (Abyss:1)
2 creatures vanquished.

Grand Total: 19 creatures vanquished

Notes
Turn   | Place    | Note
-------+----------+-------------------------------------------
     0 | Abyss:1  | Clowwww the Hill Orc Abyssal Knight began the quest for the
                  | Orb.
     0 | Abyss:1  | Reached XP level 1. HP: 19/19 MP: 2/2
    34 | Abyss:1  | Noticed a tentacled starspawn
    35 | Abyss:1  | Noticed a small abomination
    37 | Abyss:1  | Noticed a smoke demon
    41 | D:1      | Escaped the Abyss
   250 | D:1      | Reached skill level 4 in Fighting
   332 | D:1      | Reached XP level 2. HP: 25/27 MP: 3/3
  1217 | D:1      | Reached ** piety under Lugonu
  1267 | D:2      | Slain by a worm

Illustrated notes

Levels and vault maps discovered:
D:1:      psy_arrival_fountain, layout_basic
D:2:      layout_basic, hangedman_decor_riveting, minmay_tetromino_o4

Skill      XL: |  1  2 |
---------------+-------+-----
Fighting       | 4 |  4.2
Axes           | 3 |  3.3
Armour         | |  2.3
Dodging        | |  0.7
Stealth        | |  0.1
Invocations    | |  2.5

Action                   || total
-------------------------++-------
Melee: Hand axe          ||    60
Armor: Leather armour    ||     9
Dodge: Dodged            ||    45
